 Dungeon Sprint DCSS version 0.28-a0-97-g102d6777a4 (webtiles) character file.

Game seed: 12880713661013015933

38428 MikeHunt the Brawler (level 13, -1/158 HPs)
             Began as a Purple Draconian Conjurer on Aug 10, 2021.
             Was the Champion of Cheibriados.
             Slain by an Ice Fiend (10 damage)
             ... summoned by Ysour
             ... in the Dungeon (Sprint IV: "Fedhas' Mad Dash").
             The game lasted 00:33:58 (6181 turns).

MikeHunt the Brawler (Purple Draconian Conjurer)    Turns: 6181, Time: 00:33:59

Health: -1/158     AC: 31    Str: 25    XL:     13   Next: 63%
Magic:  22/27      EV: 23    Int: 39    God:    Cheibriados [******]
Gold:   182        SH:  6    Dex: 24    Spells: 13/33 levels left

rFire   . . .      SeeInvis .     - Unarmed
rCold   . . .      Faith    .   f - +0 buckler {rPois}
rNeg    + . .      Spirit   .   (armour unavailable)
rPois   ∞          Reflect  .   (helmet restricted)
rElec   +          Harm     .   d - +0 cloak
rCorr   .          Rampage  .   (gloves currently unavailable)
Will    +....      NoTele   +   (boots currently unavailable)
Stlth   ++........              j - amulet of magic regeneration
HPRegen 0.36/turn               (no ring)
MPRegen 0.45/turn               (no ring)

@: statue-form, slowed, very slow
A: slow and powerful, torment resistance 1, boosted hp, (breathe power), AC +8,
unfitting armour, cold-blooded
0: Orb of Zot
a: End Transformation, Renounce Religion, Bend Time, Temporal Distortion,
Slouch, Step From Time


You were in the Dungeon.
You worshipped Cheibriados.
Cheibriados was exalted by your worship.
You were a living statue of rough stone.
You visited 1 branch You collected 496 gold pieces.
You spent 314 gold pieces at shops.

Inventory:

Hand Weapons
 i - a +0 dagger
 k - a +0 hand axe of electrocution
Missiles
 e - 5 boomerangs
Armour
 d - a +0 cloak (worn)
 f - a +0 buckler of poison resistance (worn)
 p - a +2 buckler
Magical Staves
 m - a staff of fire
Jewellery
 h - the amulet of invisibility {+Inv}
   (You found it in the Dungeon)

   [amulet of nothing]

   +Inv:      It lets you turn invisible.
 j - an amulet of magic regeneration (around neck)
 l - a ring of flight
Scrolls
 g - a scroll of identify {unknown}
 n - a scroll of vulnerability {unknown}
 q - a scroll of blinking
Potions
 a - a potion of curing
 b - a potion of heal wounds
 c - a potion of haste
 o - a potion of cancellation {unknown}


   Skills:
 + Level 13.2 Fighting
 - Level 8.5 Staves
 + Level 12.5 Dodging
 - Level 6.3 Stealth
 - Level 5.0 Shields
 + Level 17.6 Unarmed Combat
 - Level 10.7 Spellcasting
 - Level 8.5 Conjurations
 - Level 6.6 Translocations
 - Level 11.9 Transmutations
 - Level 6.5 Fire Magic
 - Level 12.0 Earth Magic
 - Level 9.6 Invocations
 - Level 9.3 Evocations


You had 13 spell levels left.
You knew the following spells:

 Your Spells              Type           Power      Damage    Failure   Level
d - Iskenderun's Mystic   Conj/Tloc      68%        2d14      1%          4
e - Magic Dart            Conj           100%       1d8       1%          1
f - Statue Form           Tmut/Erth      56%        N/A       1%          6
g - Sticky Flame          Conj/Fire      68%        2d8       1%          4
r - Searing Ray           Conj           100%       3d7       1%          2
t - Dazzling Flash        Conj/Hex       100%       N/A       1%          3

Your spell library contained the following spells:

 Spells                   Type           Power      Damage    Failure   Level
 Sandblast                Erth           100%       2d20      0%          1
 Passwall                 Tmut/Erth      70%        N/A       1%          2
 Static Discharge         Conj/Air       52%        N/A       1%          2
 Leda's Liquefaction      Hex/Erth       30%        N/A       1%          4
 Bolt of Magma            Conj/Fire/Erth 37%        4d16      1%          5
 Lee's Rapid Deconstruct  Erth           43%        3d22*     1%          5
 Fulminant Prism          Conj/Hex       26%        3d14      3%          4
 Dispel Undead            Necr           20%        3d11      17%         4


Dungeon Overview and Level Annotations

Branches:
Dungeon (1/1)

Altars:
Cheibriados
Dithmenos
Elyvilon
Gozag
Hepliaklqana
Kikubaaqudgha
Makhleb
Nemelex Xobeh
Okawaru
Qazlal
Ru
Sif Muna
Trog
Uskayaw
Vehumet
Wu Jian
Xom
Yredelemnul
Zin
The Shining One
Beogh
Jiyva
Lugonu

Shops:
D (![(*=(!**?![=*(*=*!(


Innate Abilities, Weirdness & Mutations

You are a living statue of rough stone.
Your actions are slow, but your melee attacks are powerful.
You are resistant to unholy torment.
Your maximum health is greatly increased.
You are immune to poison.
Your equipment is partially melded.
((You can breathe bolts of dispelling energy.))
((Your rich purple scales are hard. (AC +8)))
You cannot fit into any form of body armour.
You are cold-blooded and may be slowed by cold attacks.


Message History

A large abomination comes into view.
You warp the flow of time around you!
Ysour gestures.
Ysour barely misses you. Ysour tail-slaps you!
Ysour tail-slaps you but does no damage.
You squash Ysour like an ant!!!
You tail-slap Ysour.
Ysour is moderately wounded.
Ysour tail-slaps you but does no damage.
Ysour completely misses you.
You hit Ysour but do no damage.
Ysour is lightly wounded.
Ysour tail-slaps you! The large abomination hits you. The Ice Fiend misses you.
The Ice Fiend claws you but does no damage.
You are too injured to fight recklessly!
You are too injured to fight recklessly!
You pummel Ysour!!
Ysour is moderately wounded.
Ysour closely misses you.
The large abomination hits you but does no damage.
You block Ysour's attack.
The Ice Fiend claws you but does no damage.
The Ice Fiend claws you! The Ice Fiend freezes you!!
You can feel time thicken for a moment.
Ysour tail-slaps you but does no damage.
The Ice Fiend claws you. The Ice Fiend freezes you!!
You feel yourself slow down.
* * * LOW HITPOINT WARNING * * *
The Ice Fiend claws you.
* * * LOW HITPOINT WARNING * * *
The Ice Fiend freezes you!!
You feel as though you will be slow longer.
* * * LOW HITPOINT WARNING * * *
The large abomination hits you but does no damage.
Ysour tail-slaps you but does no damage.
You pummel the Ice Fiend!!
You tail-slap the Ice Fiend, but do no damage.
The Ice Fiend is heavily wounded.
Ysour gestures.
The Ice Fiend barely misses you. The Ice Fiend claws you!
You die...

..........#####∩∩∩#............##
#################################
♣..♣..♣..♣..♣..♣..♣..♣..♣..♣..♣..
.....)).).).....)))..............
♣..♣..♣..♣..♣..♣..♣..♣..♣..♣..♣..
#################################
######.....#####....######....
####............&................
...............X81...........####
.................................
....######.....####....######....
....# ####### ###### ##### #####


You could see Ysour, an Ice Fiend (summoned) and a large abomination.

Vanquished Creatures
  the Enchantress (D)
  An Orb Guardian (D)
  Agnes (D)
  2 ghost moths (D)
  6 spriggan defenders (D)
  5 spriggan berserkers (D)
  4 spriggan druids (D)
  25 oklob plants (D)
  3 moths of wrath (D)
  4 demonic crawlers (D)
  3 burning bushes (D)
  3 wandering mushrooms (D)
  2 queen bees (D)
  10 hornets (D)
  4 scorpions (D)
  4 killer bees (D)
  5 oklob saplings (D)
  11 spriggans (D)
  A river rat (D)
  A rat (D)
  2 ballistomycete spores (D)
98 creatures vanquished.

Vanquished Creatures (others)
  A fungus (D)
1 creature vanquished.

Grand Total: 99 creatures vanquished

Notes
Turn   | Place    | Note
-------+----------+-------------------------------------------
     0 | D        | MikeHunt the Draconian Conjurer began the quest for the
                  | Orb.
     0 | D        | Reached XP level 1. HP: 14/14 MP: 3/3
    14 | D        | Reached XP level 2. HP: 15/20 MP: 0/6
    18 | D        | Reached skill level 5 in Conjurations
   201 | D        | Learned a level 2 spell: Searing Ray
   203 | D        | Noticed an oklob sapling
   204 | D        | Killed an oklob sapling
   205 | D        | Reached XP level 3. HP: 26/26 MP: 4/8
   248 | D        | Learned a level 3 spell: Dazzling Flash
   248 | D        | Noticed a scorpion
   249 | D        | Found the amulet of invisibility {+Inv}
   258 | D        | Killed a scorpion
   259 | D        | Reached XP level 4. HP: 33/33 MP: 2/12
   340 | D        | Learned a level 4 spell: Iskenderun's Mystic Blast
   351 | D        | Found an opulent altar of Gozag.
   351 | D        | Found a hazy altar of Hepliaklqana.
   351 | D        | Found a burning altar of Makhleb.
   351 | D        | Found a sparkling altar of Nemelex Xobeh.
   351 | D        | Found a snail-covered altar of Cheibriados.
   351 | D        | Found a sacrificial altar of Ru.
   351 | D        | Found a shimmering blue altar of Sif Muna.
   351 | D        | Found a shimmering altar of Xom.
   351 | D        | Found a basalt altar of Yredelemnul.
   352 | D        | Found a viscous altar of Jiyva.
   352 | D        | Found a bloodstained altar of Trog.
   352 | D        | Found an ornate altar of the Wu Jian Council.
   353 | D        | Found an iron altar of Okawaru.
   353 | D        | Found a glowing silver altar of Zin.
   353 | D        | Found a shadowy altar of Dithmenos.
   354 | D        | Found a hide-covered altar of Uskayaw.
   354 | D        | Found an ancient bone altar of Kikubaaqudgha.
   355 | D        | Found a stormy altar of Qazlal.
   355 | D        | Found a glowing golden altar of the Shining One.
   355 | D        | Found a white marble altar of Elyvilon.
   362 | D        | Reached skill level 5 in Translocations
   362 | D        | Reached XP level 5. HP: 38/38 MP: 3/13
   362 | D        | Found a corrupted altar of Lugonu.
   362 | D        | Found a radiant altar of Vehumet.
   365 | D        | Became a worshipper of Cheibriados the Contemplative
   440 | D        | Reached skill level 1 in Invocations
   573 | D        | Reached * piety under Cheibriados
   641 | D        | Reached ** piety under Cheibriados
   642 | D        | Reached XP level 6. HP: 38/45 MP: 7/15
   708 | D        | Found Ucape's General Store.
   709 | D        | Found Asesifruus's Jewellery Emporium.
   716 | D        | Noticed a burning bush
   716 | D        | Noticed a wandering mushroom
   748 | D        | Killed a wandering mushroom
   749 | D        | Reached skill level 5 in Dodging
   749 | D        | Reached skill level 5 in Shields
   749 | D        | Your scales start taking on a rich purple colour.
   749 | D        | Reached XP level 7. HP: 50/50 MP: 9/19
   755 | D        | Learned a level 4 spell: Sticky Flame
   806 | D        | Noticed a wandering mushroom
   809 | D        | Reached *** piety under Cheibriados
   810 | D        | Reached skill level 1 in Fighting
   810 | D        | Reached skill level 1 in Fire Magic
   819 | D        | Killed a burning bush
   948 | D        | Killed a wandering mushroom
   948 | D        | Reached **** piety under Cheibriados
   949 | D        | Reached skill level 5 in Fighting
   949 | D        | Reached skill level 5 in Fire Magic
   949 | D        | Reached XP level 8. HP: 70/70 MP: 8/20
  1014 | D        | Found Fiziygu's Jewellery Shoppe.
  1015 | D        | Found Xyrimor's General Store.
  1072 | D        | Noticed a queen bee
  1078 | D        | Reached ***** piety under Cheibriados
  1079 | D        | Killed a queen bee
  1139 | D        | Noticed an oklob plant
  1148 | D        | Killed an oklob plant
  1211 | D        | Noticed a burning bush
  1221 | D        | Killed a burning bush
  1221 | D        | Reached ****** piety under Cheibriados
  1222 | D        | Reached XP level 9. HP: 65/79 MP: 9/21
  1277 | D        | Noticed a burning bush
  1277 | D        | Noticed an oklob plant
  1284 | D        | Killed a burning bush
  1289 | D        | Noticed a wandering mushroom
  1301 | D        | Killed an oklob plant
  1302 | D        | Reached skill level 5 in Stealth
  1302 | D        | Reached skill level 10 in Spellcasting
  1422 | D        | Killed a wandering mushroom
  1468 | D        | Noticed a spriggan druid
  1474 | D        | Killed a spriggan druid
  1660 | D        | Noticed an oklob plant conjurer
  1665 | D        | Killed an oklob plant conjurer
  1666 | D        | Reached skill level 5 in Evocations
  1804 | D        | Noticed an oklob plant
  1804 | D        | Noticed an oklob plant summoner
  1809 | D        | Noticed an oklob plant shifter
  1819 | D        | Killed an oklob plant
  1820 | D        | Reached skill level 5 in Staves
  1820 | D        | Reached XP level 10. HP: 86/86 MP: 10/24
  1932 | D        | Killed an oklob plant summoner
  1939 | D        | Killed an oklob plant shifter
  2169 | D        | Noticed a spriggan rider
  2170 | D        | Found Riatras's Distillery.
  2178 | D        | Found Ithiemum's Antique Weapon Shoppe.
  2217 | D        | Noticed Agnes
  2223 | D        | Noticed a spriggan berserker
  2226 | D        | HP: 2/86 [spriggan berserker (29)]
  2228 | D        | Killed Agnes
  2229 | D        | Killed a spriggan berserker
  2230 | D        | Reached skill level 10 in Fighting
  2230 | D        | Reached skill level 10 in Dodging
  2596 | D        | Found Biucsaicw's Weapon Emporium.
  2598 | D        | Found Saogh's General Store.
  2605 | D        | Noticed a spriggan defender
  2611 | D        | Killed a spriggan defender
  2612 | D        | Reached XP level 11. HP: 76/102 MP: 11/25
  2652 | D        | Learned a level 6 spell: Statue Form
  2665 | D        | Noticed a spriggan rider
  2682 | D        | Killed a spriggan rider
  2683 | D        | Reached skill level 2 in Unarmed Combat
  2831 | D        | Reached skill level 3 in Unarmed Combat
  2848 | D        | Killed a ghost moth
  2849 | D        | Reached skill level 5 in Unarmed Combat
  2849 | D        | Reached skill level 5 in Transmutations
  2849 | D        | Reached skill level 5 in Earth Magic
  2853 | D        | Found Jawoon's Antique Armour Emporium.
  2853 | D        | Found Riezuq's Distillery.
  2853 | D        | Found Eriul's Weapon Shoppe.
  2969 | D        | Noticed an oklob plant shifter
  2969 | D        | Noticed an oklob plant meteorologist
  2982 | D        | Killed an oklob plant meteorologist
  3061 | D        | Killed an oklob plant shifter
  3062 | D        | Reached skill level 6 in Unarmed Combat
  3112 | D        | Noticed a spriggan rider
  3187 | D        | Found Tinufi's Assorted Antiques.
  3187 | D        | Found Fotasill's Antique Weapon Shop.
  3187 | D        | Found Mupran's Weapon Shoppe.
  3188 | D        | Found Loebrat's Assorted Antiques.
  3188 | D        | Found Ijuaf's Jewellery Boutique.
  3188 | D        | Found Vissanakk's Distillery.
  3188 | D        | Found Ulymojes's Magic Scroll Shop.
  3188 | D        | Found Imo Kenlamm's Assorted Antiques.
  3217 | D        | Noticed an oklob plant summoner
  3299 | D        | Found Hokul's Distillery.
  3300 | D        | Found Osobida's Antique Armour Shop.
  3306 | D        | Killed an oklob plant summoner
  3307 | D        | Reached skill level 7 in Unarmed Combat
  3316 | D        | Bought a cloak for 112 gold pieces
  3323 | D        | Noticed an oklob plant demonologist
  3323 | D        | Noticed an oklob plant annihilator
  3355 | D        | Noticed an oklob plant
  3355 | D        | Noticed an oklob plant
  3355 | D        | Noticed an oklob plant
  3355 | D        | Noticed an oklob plant
  3355 | D        | Noticed an oklob plant
  3355 | D        | Noticed an oklob plant
  3490 | D        | Noticed a spriggan berserker
  3497 | D        | Killed a spriggan berserker
  3505 | D        | Killed an oklob plant demonologist
  3633 | D        | Killed an oklob plant annihilator
  3634 | D        | Reached skill level 8 in Unarmed Combat
  3634 | D        | Identified the +1 plate armour "Aledi" {rCorr}
  3636 | D        | Identified the +5 flail "Vicofo Sac" {vorpal, +Rage Str-3
                  | Int+4 SInv}
  3744 | D        | Killed an oklob plant
  3750 | D        | Killed an oklob plant
  3751 | D        | Reached XP level 12. HP: 110/110 MP: 6/26
  3869 | D        | Reached skill level 9 in Unarmed Combat
  4671 | D        | Reached skill level 10 in Unarmed Combat
  4671 | D        | Reached skill level 10 in Earth Magic
  4780 | D        | Reached skill level 10 in Transmutations
  4974 | D        | Noticed a spriggan defender
  4974 | D        | Noticed a spriggan defender
  4981 | D        | Killed a spriggan defender
  5132 | D        | Reached skill level 11 in Unarmed Combat
  5343 | D        | Noticed a spriggan defender
  5360 | D        | Killed a spriggan defender
  5510 | D        | Noticed a death yak
  5513 | D        | Reached skill level 12 in Unarmed Combat
  5594 | D        | Reached skill level 13 in Unarmed Combat
  5608 | D        | Noticed the Enchantress
  5642 | D        | Reached skill level 14 in Unarmed Combat
  5642 | D        | Reached XP level 13. HP: 116/116 MP: 24/27
  5647 | D        | Killed a spriggan defender
  5648 | D        | Reached skill level 15 in Unarmed Combat
  5648 | D        | Killed the Enchantress
  5649 | D        | Reached skill level 16 in Unarmed Combat
  5727 | D        | Killed a ghost moth
  5848 | D        | Reached skill level 17 in Unarmed Combat
  5855 | D        | Noticed a spriggan defender
  5857 | D        | Noticed a spriggan defender
  5863 | D        | Killed a spriggan defender
  5866 | D        | Killed a spriggan defender
  6025 | D        | Bought a scroll of blinking for 202 gold pieces
  6148 | D        | Got the Orb of Zot
  6168 | D        | Noticed an Orb Guardian
  6172 | D        | Killed an Orb Guardian
  6175 | D        | Noticed Ysour the pandemonium lord
  6177 | D        | Noticed an Ice Fiend
  6181 | D        | Slain by an Ice Fiend

Illustrated notes

Levels and vault maps discovered:
D:        dungeon_sprint_fedhas [sprint_temple]

Skill      XL: |  1  2  3  4  5  6  7  8  9 10 11 12 13 |
---------------+----------------------------------------+-----
Spellcasting   | 3 4 6 8 10 | 10.7
Conjurations   | 6 7 8 |  8.5
Translocations | 5 6 |  6.6
Invocations    | 3 4 9 |  9.6
Dodging        | 5 7 8 11 12 | 12.5
Shields        | 5 |  5.0
Fighting       | 5 7 11 13 | 13.2
Fire Magic     | 5 6 |  6.5
Stealth        | 6 |  6.3
Staves         | 5 8 |  8.5
Evocations     | 6 9 |  9.3
Unarmed Combat | 8 14 17 | 17.6
Transmutations | 8 11 | 11.9
Earth Magic    | 8 12 | 12.0

Action                   |  1- 3 |  4- 6 |  7- 9 | 10-12 | 13-15 || total
-------------------------+-------+-------+-------+-------+-------++-------
Melee: Unarmed           |     7 |       |       |    19 |    39 ||    65
       Staff             |       |       |       |    25 |       ||    25
       Tailslap          |       |       |       |    19 |    11 ||    30
 Cast: Magic Dart        |     3 |       |       |    14 |     1 ||    18
       Searing Ray       |     3 |     9 |    27 |    67 |     6 ||   112
       Dazzling Flash    |       |     1 |       |       |       ||     1
       Iskenderun's Myst |       |       |     5 |     8 |       ||    13
       Sticky Flame      |       |       |     1 |    10 |       ||    11
       Statue Form       |       |       |       |     2 |     3 ||     5
Invok: Slouch            |       |       |       |    17 |     3 ||    20
       Temporal Distorti |       |       |       |     1 |     1 ||     2
 Abil: Evoke Invisibilit |       |     3 |     5 |    15 |     1 ||    24
       Breathe Dispellin |       |       |       |     1 |     1 ||     2
       End Transformatio |       |       |       |     1 |       ||     1
  Use: Potion            |     1 |       |       |     2 |       ||     3
       Scroll            |       |       |       |     1 |       ||     1
Armor: Skin              |     1 |       |     1 |    13 |    40 ||    55
Dodge: Dodged            |     8 |     2 |    27 |    81 |    24 ||   142
Block: Buckler           |       |       |       |    30 |     9 ||    39

Table legend: (Time is in decaauts)
 A = Elapsed time spent in this place.
 B = Non-inter-level travel time spent in this place.
 C = Inter-level travel time spent in this place.
 D = Time resting spent in this place.
 E = Time spent auto-exploring this place.
 F = Levels seen in this place.
 G = Mean time per level.
                   A        B        C        D        E       F      G
               +--------+--------+--------+--------+--------+-----+--------+
         Total |   7302 |   6793 |    509 |   4327 |      0 |   1 | 7302.0 |
       Dungeon |   7302 |   6793 |    509 |   4327 |      0 |   1 | 7302.0 |
               +--------+--------+--------+--------+--------+-----+--------+

Top non-repeatable levels by time:
       D: 7302 daAuts
